 Dungeon Crawl Stone Soup version 0.29-a0-824-gd827844252 (webtiles) character file.

Game seed: 16449908856184899739

393 Malachi the Shooter (level 6, 0/36 HPs)
             Began as an Octopode Air Elementalist on July 10, 2022.
             Was an Initiate of Fedhas.
             Killed by their own static electricity (2 damage)
             ... on level 4 of the Dungeon.
             The game lasted 00:06:10 (5609 turns).

Malachi the Shooter (Octopode Air Elementalist)     Turns: 5609, Time: 00:06:11

Health: 0/36       AC:  1    Str: 13    XL:     6   Next: 81%
Magic:  6/12       EV: 13    Int: 19    God:    Fedhas [......]
Gold:   165        SH:  0    Dex: 13    Spells: 7/13 levels left

rFire   . . .      SeeInvis .   m - +0 arbalest
rCold   . . .      Faith    .   (shield currently unavailable)
rNeg    . . .      Spirit   .   b - +0 hat
rPois   .          Reflect  .   (no amulet)
rElec   .          Harm     .   f - +6 ring of strength
rCorr   .          Rampage  .   (no ring)
Will    .....                   (no ring)
Stlth   +++.......              (no ring)
HPRegen 0.12/turn               (no ring)
MPRegen 0.13/turn               (no ring)
                                (no ring)
                                (no ring)

@: no status effects
A: almost no armour, amphibious, 8 rings, camouflage 1, gelatinous body 1,
(nimble swimmer 1), tentacles
a: Renounce Religion


You were on level 4 of the Dungeon.
You worshipped Fedhas.
Fedhas was noncommittal.
You visited 1 branch of the dungeon, and saw 5 of its levels.

You collected 214 gold pieces.
You spent 49 gold pieces at shops.

Inventory:

Hand Weapons
 e - a +2 short sword of speed
 m - a +0 arbalest (weapon)
 n - a +1 dagger of venom
 s - a +2 scimitar of protection
Missiles
 l - 3 javelins
 w - a throwing net
Armour
 b - a +0 hat (worn)
 h - a +0 buckler
Jewellery
 f - a +6 ring of strength (left tentacle)
 u - an amulet of faith
Wands
 t - a wand of flame (25)
Scrolls
 d - 2 scrolls of teleportation
 j - 2 scrolls of blinking
 k - a scroll of immolation {unknown}
 o - a scroll of poison {unknown}
 x - a scroll of enchant armour {unknown}
Potions
 a - a potion of magic
 c - 3 potions of flight
 g - 2 potions of curing
 i - 2 potions of heal wounds {unknown}
 p - 2 potions of lignification {unknown}
 q - a potion of might {unknown}
 r - a potion of mutation {unknown}
 v - 3 potions of haste {unknown}


   Skills:
 - Level 0.2 Fighting
 * Level 5.0 Ranged Weapons
 - Level 2.0 Dodging
 - Level 2.6 Stealth
 - Level 4.0 Spellcasting
 + Level 1.3 Conjurations
 - Level 0.1 Summonings
 + Level 3.2 Air Magic
 - Level 0.1 Earth Magic


You had 7 spell levels left.
You knew the following spells:

 Your Spells              Type           Power      Damage    Failure   Level
a - Shock                 Conj/Air       48%        1d6       5%          1
b - Static Discharge      Conj/Air       12%        3-5/arc   9%          2
c - Swiftness             Air            16%        N/A       11%         3

Your spell library contained the following spells:

 Spells                   Type           Power      Damage    Failure   Level
 Summon Small Mammal      Summ           16%        N/A       13%         1
 Apportation              Tloc           6%         N/A       14%         1
 Freeze                   Ice            12%        1d4       14%         1
 Necrotise                Necr           12%        1d4       14%         1
 Airstrike                Air            8%         0-4+      34%         4
 Frozen Ramparts          Ice            6%         1d2       38%         3
 Hailstorm                Conj/Ice       6%         3d4       71%         4


Dungeon Overview and Level Annotations

Branches:
Dungeon (5/15)
 Temple: D:4-7

Altars:
Fedhas
Okawaru
Xom
Yredelemnul

Shops:
D:3 (   D:4 !


Innate Abilities, Weirdness & Mutations

You cannot wear most types of armour.
You are amphibious.
You can wear up to eight rings at the same time.
Your skin changes colour to match your surroundings (Stealth+).
Your rubbery body absorbs attacks. (AC +1, EV +1)
((You are camouflaged when in or above water. (Stealth+)))
You have tentacles for arms and can constrict up to eight enemies at once.


Message History

The ogre is moderately wounded.
You hear a bark!
A hound comes into view.
An orc comes into view. It is wielding a +0 vorpal flail.
You shoot a bolt. The bolt barely misses the ogre.
The hound bites you but does no damage. The ogre misses you.
The hound closely misses you. The hound bites you.
You climb upwards.
There is a stone staircase leading down here.
Unknown command.
Casting: Static Discharge (safe; 9% risk of failure)
Confirm with . or Enter, or press ? or * to list all spells.
The ogre is struck by an arc of lightning.
The ogre is heavily wounded.
You are struck by an arc of lightning.
The hound is struck by an arc of lightning!
The hound is heavily wounded.
The lightning grounds out.
The hound bites you. The ogre barely misses you.
Unknown command.
Casting: Static Discharge (safe; 9% risk of failure)
Confirm with . or Enter, or press ? or * to list all spells.
The hound is struck by an arc of lightning!
You kill the hound!
Fedhas appreciates your contribution to the ecosystem.
You are struck by an arc of lightning.
The ogre is struck by an arc of lightning!
The ogre is severely wounded.
The lightning grounds out.
The ogre hits you with a +0 giant club!!
Ouch! That really hurt!
* * * LOW HITPOINT WARNING * * *
Your Ranged Weapons skill increases to level 5!
Unknown command.
Casting: Static Discharge (safe; 9% risk of failure)
Confirm with . or Enter, or press ? or * to list all spells.
The ogre is struck by an arc of lightning.
The ogre is almost dead.
You are struck by an arc of lightning.
You die...
Fedhas appreciates your contribution to the ecosystem.

###...#######.# ##...####...####
#######....###.....### ####
##..##.....###.......##
_#_########...........###.....###
.#.#.8##.###...........###...###.
..........#..............###.##..
................†..........#.###.
.#.#.8.##.......@..........#.)...
.#8###.†.(......O...........÷÷÷..
#### ##..........................
#...........................
###.........................
###.##....................
###########..........###
############..........# #
#.P.P.....##.........####


You could see an ogre.

Vanquished Creatures
  A scorpion (D:4)
  A vampire bat (D:4)
  A hound (D:4)
  4 jellies (D:4)
  An iguana (D:4)
  3 adders
  2 worms (D:2)
  3 orcs (D:3)
  18 endoplasms
  4 giant cockroaches
  5 goblins
  7 hobgoblins
  2 jackals (D:3)
  A quokka (D:2)
  10 ball pythons
  11 bats
  3 frilled lizards
  7 kobolds (D:4)
  6 rats
90 creatures vanquished.

Vanquished Creatures (others)
  4 fungi
  6 plants (D:2)
  10 toadstools (D:4)
20 creatures vanquished.

Grand Total: 110 creatures vanquished

Notes
Turn   | Place    | Note
-------+----------+-------------------------------------------
     0 | D:1      | Malachi the Octopode Air Elementalist began the quest for
                  | the Orb.
     0 | D:1      | Reached XP level 1. HP: 11/11 MP: 3/3
   344 | D:1      | Reached XP level 2. HP: 17/17 MP: 2/5
  1231 | D:2      | Reached XP level 3. HP: 17/21 MP: 0/7
  1443 | D:2      | Learned a level 2 spell: Static Discharge
  1499 | D:2      | HP: 1/21 [endoplasm (2)]
  1779 | D:2      | Found a faded altar of an unknown god.
  2686 | D:3      | Reached XP level 4. HP: 25/27 MP: 9/9
  2717 | D:3      | Identified the +8 whip "Alaporch" {vamp, Will+ Int+3}
  2774 | D:3      | Found Zasyral's Weapon Boutique.
  2806 | D:3      | Bought a +0 arbalest for 49 gold pieces
  3022 | D:3      | Learned a level 3 spell: Swiftness
  3838 | D:4      | Found Hiumoet's Distillery.
  3867 | D:4      | Reached skill level 1 in Ranged Weapons
  4144 | D:4      | Reached skill level 2 in Ranged Weapons
  4144 | D:4      | Reached XP level 5. HP: 23/31 MP: 6/11
  4615 | D:4      | Reached skill level 3 in Ranged Weapons
  4660 | D:4      | Reached XP level 6. HP: 21/36 MP: 9/12
  5145 | D:4      | Reached skill level 4 in Ranged Weapons
  5428 | D:4      | Found an iron altar of Okawaru.
  5429 | D:4      | Found a basalt altar of Yredelemnul.
  5429 | D:4      | Found a shimmering altar of Xom.
  5430 | D:4      | Found a blossoming altar of Fedhas.
  5582 | D:4      | Became a worshipper of Fedhas Madash
  5601 | D:5      | Entered Level 5 of the Dungeon
  5609 | D:4      | Reached skill level 5 in Ranged Weapons
  5609 | D:4      | Killed from afar by themself

Illustrated notes

Levels and vault maps discovered:
D:1:      scummos_arrival_simple_fountains, layout_basic
D:2:      layout_basic, shapermc_ecumenical_altar_mp_ritualfount
D:3:      layout_loops_ring, serial_shops, nicolae_square_shop
D:4:      cheibrodos_fertilizer, layout_cave_pools, minitemple, serial_shops,
          nicolae_shop_statue_plus, roderic_batcave
D:5:      layout_basic, nicolae_qazlal_general_emergency, temple_hall,
          gammafunk_ghost_stat_death, minmay_manual_moon

Skill      XL: |  1  2  3  4  5  6 |
---------------+-------------------+-----
Spellcasting   | 3 4 |  4.0
Ranged Weapons | 2 3 5 |  5.0
Fighting       | |  0.2
Dodging        | |  2.0
Stealth        | |  2.6
Conjurations   | |  1.3
Summonings     | |  0.1
Air Magic      | |  3.2
Earth Magic    | |  0.1

Action                   |  1- 3 |  4- 6 || total
-------------------------+-------+-------++-------
Melee: Unarmed           |    20 |       ||    20
       Tentacles         |     6 |     4 ||    10
       Constrict         |     7 |     3 ||    10
       Short sword       |    11 |    13 ||    24
 Fire: Arbalest          |       |    84 ||    84
 Cast: Shock             |    40 |       ||    40
       Static Discharge  |     6 |    15 ||    21
  Use: Scroll            |     4 |       ||     4
 Stab: Sleeping          |     2 |       ||     2
Armor: Skin              |     3 |     9 ||    12
Dodge: Dodged            |    29 |    71 ||   100
Block: Buckler           |     3 |       ||     3

Table legend: (Time is in decaauts)
 A = Elapsed time spent in this place.
 B = Non-inter-level travel time spent in this place.
 C = Inter-level travel time spent in this place.
 D = Time resting spent in this place.
 E = Time spent auto-exploring this place.
 F = Levels seen in this place.
 G = Mean time per level.
                   A        B        C        D        E       F      G
               +--------+--------+--------+--------+--------+-----+--------+
         Total |   5667 |   5503 |    164 |   1744 |   3179 |   5 | 1133.4 |
       Dungeon |   5667 |   5503 |    164 |   1744 |   3179 |   5 | 1133.4 |
               +--------+--------+--------+--------+--------+-----+--------+

Top non-repeatable levels by time:
     D:4: 1954 daAuts
     D:3: 1453 daAuts
     D:1: 1176 daAuts
     D:2: 1076 daAuts
     D:5: 6 daAuts
